 Dungeon Crawl Stone Soup version 0.31-a0-219-g8d62b2e7bb (webtiles) character file.

Game seed: 12519127088729194107

478 qw the Fighter (level 7, -2/57 HPs)
             Began as a Gargoyle Fighter on July 3, 2023.
             Slain by a wight
             ... wielding a +0 long sword
              (3 damage)
             ... on level 4 of the Dungeon.
             The game lasted 00:01:43 (3315 turns).

qw the Fighter (Gargoyle Fighter)                   Turns: 3315, Time: 00:01:44

Health: -2/57      AC: 15    Str: 22    XL:     7   Next: 11%
Magic:  7/7        EV:  8    Int:  8    God:
Gold:   237        SH:  9    Dex:  9    Spells: 6/6 levels left

rFire   . . .        Y - +1 war axe
rCold   . . .        c - +0 buckler
rNeg    + . .        k - +0 chain mail
rPois   inf          f - +0 helmet
rElec   +            (no cloak)
rCorr   .            (no gloves)
SInv    .            (no boots)
Will    .....        m - amulet of reflection Stlth
                     (no ring)
HPRegen 0.29/turn    (no ring)
MPRegen 0.10/turn

%: reflection
@: about to teleport
A: sickness immunity, AC +4, negative energy resistance 1, electricity
resistance, torment resistance 1, petrification resistance
a: no special abilities


You were on level 4 of the Dungeon.
You visited 2 branches of the dungeon, and saw 5 of its levels.

You collected 237 gold pieces.


Innate Abilities, Weirdness & Mutations

You are immune to sickness and miasma.
Your stone body is resilient. (AC +4)
You are immune to poison.
You resist negative energy. (rN+)
You are resistant to electric shocks. (rElec)
You are resistant to unholy torment.
You are immune to petrification.


   Skills:
 - Level 13.3 Fighting
 + Level 5.4 Axes
 - Level 3.2 Armour
 - Level 3.2 Shields


You had 6 spell levels left.
You didn't know any spells.
Your spell library was empty.

Inventory:

Hand Weapons
 e - a +0 flail
 Y - a +1 war axe (weapon)
Armour
 c - a +0 buckler (worn)
 f - a +0 helmet (worn)
 k - a +0 chain mail (worn)
Jewellery
 m - an amulet of reflection (around neck)
Scrolls
 h - 6 scrolls of identify
Potions
 a - a potion of haste
 b - a potion of enlightenment {unknown}
 d - 2 potions of might
 g - a potion of curing

Dungeon Overview and Level Annotations

Branches:
Dungeon (4/15)             Temple (1/1) D:4

Altars:
Ashenzari
Cheibriados
Dithmenos
Elyvilon
Fedhas
Gozag
Hepliaklqana
Makhleb
Nemelex Xobeh
Ru
Trog
Uskayaw
Vehumet
Wu Jian
Xom
Yredelemnul
The Shining One


Message History

You kill the ball python!
The wight hits you from afar with a +4 trident!
You block the wight's attack.
A wight comes into view. It is wielding a +0 battleaxe.
Enter note:
Enter note: You closely miss the wight.
The wight hits you with a +4 trident.
You barely miss the wight. You hit the wight. You block the wight's attack. x2
You barely miss the wight.
The wight is lightly damaged.
You barely miss the wight.
You block the wight's attack. x2; The wight hits you with a +4 trident.
You barely miss the wight.
The wight is lightly damaged.
You hit the wight but do no damage. The wight hits you with a +4 trident.
The wight hits you with a +0 long sword.
You slash the wight!
The wight is severely damaged.
You hit the wight but do no damage. You closely miss the wight.
The wight hits you but does no damage. You block the wight's attack. x2
You hit the wight but do no damage.
The wight is severely damaged.
You hit the wight. You closely miss the wight.
The wight hits you with a +4 trident! The wight barely misses you.
You hit the wight but do no damage.
The wight is severely damaged.
You hit the wight but do no damage. You slash the wight! You hit the wight.
You block the wight's attack. The wight hits you but does no damage.
The wight hits you with a +3 flail. You block the wight's attack.
The wight hits you with a +4 trident!
The wight hits you but does no damage. x2
The wight barely misses you.
3315 ||| READING scroll of teleportation.
As you read the scroll of teleportation, it crumbles to dust.
You feel strangely unstable. The wight hits you with a +4 trident!
The wight hits you with a +0 long sword.
You die...

.# .# ... ## #.# #.# #.#
#.# ##.####.#
#.......zz##########
###### #.##.#
#z@z........# .....#
#.##.# ##.########.##
####.# #.##.#
##.#######...## ####.#
#.##.# #...##........#
#..%.# #.##.#
#.#....###....# #.####
#.##.###...#..# ##.#.# #.#
#.............####.#.####.
#.#
#.##.####.................
#.# #.##.#
#.#.#.##..........


You could see 4 wights.

Vanquished Creatures
  A gnoll bouda (D:4)
  Ijyb (D:4)
  An orc wizard (D:3)
  Robin (D:3)
  5 gnolls (D:4)
  10 adders
  A worm (D:3)
  A dart slug (D:4)
  4 orcs (D:3)
  5 endoplasms
  3 giant cockroaches
  10 goblins
  5 hobgoblins
  4 jackals (D:2)
  3 quokkas
  16 ball pythons
  3 bats
  3 frilled lizards (D:3)
  4 kobolds
  A rat (D:1)
82 creatures vanquished.

Notes
Turn   | Place    | Note
-------+----------+-------------------------------------------
     0 | D:1      | qw the Gargoyle Fighter began the quest for the Orb.
     0 | D:1      | Reached XP level 1. HP: 14/14 MP: 1/1
     0 | D:1      | 0 ||| qw: Version: 0.3-a-40-ge99b1a8
     0 | D:1      | 0 ||| qw: Game counter: 451
     0 | D:1      | 0 ||| qw: Melee chars always use a shield: true
     0 | D:1      | 0 ||| qw: God list: Okawaru
     0 | D:1      | 0 ||| qw: Allow faded altars: false
     0 | D:1      | 0 ||| qw: Do Orc after clearing Dungeon:15 true
     0 | D:1      | 0 ||| qw: Do second Lair branch before Depths: true
     0 | D:1      | 0 ||| qw: Lair rune preference: random
     0 | D:1      | 0 ||| qw: Goals: Normal, Zot:1-4, Slime:5, God:TSO, Crypt,
                  | Tomb, Abyss, Pan, Hells, Win
     0 | D:1      | 0 ||| PLANNING D:1-11
   288 | D:1      | Reached XP level 2. HP: 19/19 MP: 2/2
   960 | D:1      | 960 ||| DROPPING ring of wizardry.
   961 | D:1      | 961 ||| READING 4 scrolls labelled IWAXKA RAUTAHO.
   962 | D:1      | 962 ||| READING scroll labelled OZXAFI YGAE.
   963 | D:1      | 963 ||| READING scroll labelled OREOLL WIXZEZ.
   964 | D:1      | 964 ||| DROPPING 3 scrolls of fear.
  1044 | D:2      | Reached skill level 3 in Axes
  1044 | D:2      | Reached XP level 3. HP: 15/23 MP: 3/3
  1359 | D:2      | 1359 ||| Stepping ~*~*~tactically~*~*~ (stealth).
  1361 | D:2      | 1361 ||| Stepping ~*~*~tactically~*~*~ (stealth).
  1375 | D:2      | Reached XP level 4. HP: 27/28 MP: 4/4
  1938 | D:2      | 1938 ||| READING 2 scrolls labelled YGEOCS RESEWA.
  1939 | D:2      | 1939 ||| READING scroll labelled BEEQEG LIBAC.
  1940 | D:2      | 1940 ||| READING scroll labelled WUCRIR KUZAO.
  1941 | D:2      | 1941 ||| READING scroll labelled NIUSACO HUHE.
  1942 | D:2      | 1942 ||| READING scroll labelled XUIMMYWIASCH.
  1943 | D:2      | 1943 ||| DROPPING scroll of fog.
  2006 | D:3      | HP: 6/28 [something (3)]
  2110 | D:3      | 2110 ||| DROPPING +0 whip.
  2124 | D:3      | Noticed Robin
  2130 | D:3      | Killed Robin
  2131 | D:3      | Reached XP level 5. HP: 25/32 MP: 5/5
  2131 | D:3      | 2131 ||| FLEEEEING.
  2132 | D:3      | 2132 ||| STAIRDANCE
  2572 | D:3      | 2572 ||| Stepping ~*~*~tactically~*~*~ (stealth).
  2573 | D:3      | 2573 ||| Stepping ~*~*~tactically~*~*~ (stealth).
  2827 | D:3      | 2827 ||| UPGRADING to +0 helmet.
  2832 | D:3      | 2832 ||| UPGRADING to +0 chain mail.
  2842 | D:3      | 2842 ||| DROPPING +0 scale mail.
  2843 | D:3      | 2843 ||| UPGRADING to amulet of reflection.
  2848 | D:3      | 2848 ||| READING scroll labelled IGEIVOKK LAMM.
  2853 | D:3      | 2853 ||| DRINKING 2 clear potions.
  2854 | D:3      | 2854 ||| READING 7 scrolls of identify.
  2854 | D:3      | 2854 ||| IDENTIFYING fizzy golden potion
  2855 | D:3      | 2855 ||| READING 6 scrolls of identify.
  2855 | D:3      | 2855 ||| IDENTIFYING bubbling black potion
  2856 | D:3      | 2856 ||| DRINKING potion of experience.
  2856 | D:3      | Reached skill level 13 in Fighting
  2856 | D:3      | Reached XP level 6. HP: 52/52 MP: 6/6
  2857 | D:3      | 2857 ||| READING 5 scrolls of identify.
  2857 | D:3      | 2857 ||| IDENTIFYING emerald potion
  2858 | D:3      | 2858 ||| DROPPING potion of degeneration.
  2909 | D:4      | 2909 ||| Stepping ~*~*~tactically~*~*~ (hiding).
  2921 | D:4      | 2921 ||| Stepping ~*~*~tactically~*~*~ (stealth).
  2923 | D:4      | 2923 ||| Stepping ~*~*~tactically~*~*~ (stealth).
  2936 | D:4      | 2936 ||| Stepping ~*~*~tactically~*~*~ (stealth).
  2955 | D:4      | 2955 ||| Stepping ~*~*~tactically~*~*~ (stealth).
  2957 | D:4      | 2957 ||| Stepping ~*~*~tactically~*~*~ (hiding).
  2965 | D:4      | 2965 ||| Stepping ~*~*~tactically~*~*~ (stealth).
  2998 | D:4      | Reached XP level 7. HP: 57/57 MP: 7/7
  3080 | D:4      | Found a staircase to the Ecumenical Temple.
  3081 | D:4      | 3081 ||| PLANNING TEMPLE
  3086 | Temple   | Entered the Ecumenical Temple
  3086 | Temple   | Found a transporter.
  3086 | Temple   | Found a transporter.
  3088 | Temple   | Found a transporter.
  3088 | Temple   | Found a transporter.
  3098 | Temple   | 3098 ||| PLANNING D:1-11
  3171 | D:4      | Noticed Ijyb
  3172 | D:4      | 3172 ||| Stepping ~*~*~tactically~*~*~ (hiding).
  3182 | D:4      | Killed Ijyb
  3302 | D:4      | 3302 ||| Stepping ~*~*~tactically~*~*~ (hiding).
  3314 | D:4      | HP: 13/57 [wight/+4 trident (8)]
  3315 | D:4      | 3315 ||| READING scroll of teleportation.
  3315 | D:4      | HP: 1/57 [wight/+4 trident (13)]
  3315 | D:4      | Slain by a wight

Levels and vault maps discovered:
D:1:      evilmike_arrival_plus, layout_basic, amethyst_killhole,
          reono_crystal_passage, grunt_decor_one_mirror
D:2:      layout_basic, kennysheep_boxes
D:3:      layout_basic, uniq_robin
D:4:      layout_loops_ring, minmay_temple_entry_hall, uniq_ijyb
Temple:   hellmonk_temple_divided_pantheon

Skill      XL: |  1  2  3  4  5 |
---------------+----------------+-----
Axes           | 2 3 4 5 |  5.4
Fighting       | 13 | 13.3
Armour         | |  3.2
Shields        | |  3.2

Action                     |  1- 3 |  4- 6 |  7- 9 || total
---------------------------+-------+-------+-------++-------
  Melee: War axe           |    71 |   156 |    22 ||   249
    Use: Scroll            |     3 |     9 |     1 ||    13
         Potion            |       |     2 |       ||     2
 Armour: Scale mail        |    48 |    70 |       ||   118
         Chain mail        |       |    18 |    10 ||    28
  Dodge: Dodged            |    32 |    66 |     4 ||   102
  Block: Buckler           |    12 |    23 |    14 ||    49
         Reflection        |       |     1 |       ||     1

Table legend:
 A = Non-vault XP
 B = Vault XP
 C = Vault XP percentage of total XP
 D = Non-vault monster count
 E = Vault monster count
 F = Vault count percentage of total count
                 A         B        C        D         E       F
            +---------+---------+-------+---------+---------+-------
      Total |     383 |      62 |  13.9 |      74 |       8 |   9.8
            +---------+---------+-------+---------+---------+-------
        D:1 |      21 |       0 |   0.0 |      13 |       0 |   0.0
        D:2 |      80 |       0 |   0.0 |      18 |       0 |   0.0
        D:3 |     129 |      26 |  16.8 |      28 |       7 |  20.0
        D:4 |     153 |      36 |  19.0 |      15 |       1 |   6.2
            +---------+---------+-------+---------+---------+-------
